 Dungeon Crawl Stone Soup version 0.27-a0-972-gd1521fd518 (webtiles) character file.

Game seed: 18029070480588674946

604 kae the Ruffian (level 7, 0/56 HPs)
             Began as a Green Draconian Transmuter on Apr 13, 2021.
             Slain by an ice beast (9 damage)
             ... on level 5 of the Dungeon.
             The game lasted 00:03:36 (5671 turns).

kae the Ruffian (Green Draconian Transmuter)        Turns: 5671, Time: 00:03:37

Health: 0/56       AC:  2    Str: 14    XL:     7   Next: 18%
Magic:  4/11       EV: 20    Int: 14    God:
Gold:   190        SH:  0    Dex: 16    Spells: 4/12 levels left

rFire    . . .     SeeInvis .     - Unarmed
rCold    . . .     Faith    .   (shield currently unavailable)
rNeg     . . .     Spirit   .   (armour unavailable)
rPois    x         Reflect  .   (helmet currently unavailable)
rElec    .         Harm     .   (cloak currently unavailable)
rCorr    .         Rampage  .   (gloves currently unavailable)
Will     .....                  (boots currently unavailable)
Stlth    ++........             (no amulet)
HPRegen  0.18/turn              (no ring)
MPRegen  0.12/turn              (no ring)

@: spider-form, very slightly contaminated
A: venomous fangs, (breathe noxious fumes), AC +6, tiny, unfitting armour,
(poison resistance), (cold-blooded)
a: End Transformation


You were on level 5 of the Dungeon.
You were a venomous arachnid creature.
You visited 1 branch of the dungeon, and saw 5 of its levels.

You collected 190 gold pieces.

Inventory:

Jewellery
 d - a ring of protection from fire
 l - an amulet of guardian spirit
Wands
 a - a wand of acid (5)
 c - a wand of charming (8)
 m - a wand of flame (6)
 n - a wand of polymorph (9)
Scrolls
 i - 2 scrolls of enchant armour
 k - a scroll of teleportation
 o - a scroll of identify
 p - a scroll of amnesia
Potions
 b - a potion of heal wounds
 e - 4 potions of curing
 f - a potion of ambrosia {unknown}
 g - a potion of invisibility
 h - a potion of lignification {unknown}
 j - 2 potions of might


   Skills:
 + Level 2.8 Fighting
 + Level 2.9 Dodging
 + Level 1.4 Stealth
 * Level 4.8 Unarmed Combat
 + Level 3.0 Spellcasting
 * Level 4.1 Transmutations
 * Level 1.4 Ice Magic
 - Level 2.4 Poison Magic


You had 4 spell levels left.
You knew the following spells:

 Your Spells              Type           Power      Damage    Failure   Level
a - Beastly Appendage     Tmut           26%        N/A       13%         1
b - Spider Form           Tmut/Pois      5%         N/A       36%         3
c - Ice Form              Ice/Tmut       9%         N/A       77%         4

Your spell library contained the following spells:

 Spells                   Type           Power      Damage    Failure   Level
 Wereblood                Tmut           13%        N/A       17%         2
 Hydra Form               Tmut           6%         N/A       88%         5


Dungeon Overview and Level Annotations

Branches:
Dungeon (5/15)
 Temple: D:4-7

Altars:
Dithmenos
Elyvilon
Fedhas
Hepliaklqana
Sif Muna
Trog
Uskayaw
Wu Jian

Annotations:
D:3 2 transporters, Thantalas's ghost, amateur GnWn


Innate Abilities, Weirdness & Mutations

You are a venomous arachnid creature.
You have poisonous fangs.
You are tiny and dextrous.
Your spellcasting is less reliable in this form.
Your armour is entirely melded.
You are incapable of wielding weapons or throwing items.
((You can breathe blasts of noxious fumes.))
((Your lurid green scales are hard. (AC +6)))
You cannot fit into any form of body armour.
((Your system is resistant to poisons. (rPois)))
((You are cold-blooded and may be slowed by cold attacks.))


Message History

The black bear closely misses you.
You hit the black bear but do no damage.
The black bear is almost dead.
The black bear closely misses you. The black bear claws you.
The black bear misses you. The black bear closely misses you. x2
The black bear claws you.
Casting: Spider Form (dangerous; 17% risk of failure)
Confirm with . or Enter, or press ? or * to list all spells.
You turn into a venomous arachnid creature.
The black bear bites you. The black bear claws you.
The black bear claws you but does no damage.
The black bear closely misses you. The black bear misses you.
The black bear completely misses you. The black bear bites you.
The black bear closely misses you. The black bear claws you.
You hit the black bear.
You kill the black bear!
Your Spellcasting skill increases to level 3!
You hit the ice beast.
The ice beast is lightly wounded.
The ice beast completely misses you.
You hit the ice beast but do no damage.
The ice beast is lightly wounded.
The ice beast closely misses you.
You barely miss the ice beast.
The ice beast is lightly wounded.
The ice beast closely misses you.
You bite the ice beast!
The ice beast is heavily wounded.
The ice beast hits you. The ice beast freezes you!
* * * LOW HITPOINT WARNING * * *
You bite the ice beast!
The ice beast is severely wounded.
The ice beast completely misses you.
You hit the ice beast.
The ice beast is almost dead.
You have got your breath back.
The ice beast hits you.
* * * LOW HITPOINT WARNING * * *
The ice beast freezes you!
You die...

#.# ..# #.# #.###
#... #..#########
#######...........
..............>######
..####s#..###.#..#<#
#Y##.# #....#.#
#.##.###......#
..#.......#.###.#
...#...###.#.....#
....+........######
....$#....##..#
......####.##..##
#...Y..# #..#...#


You could see an ice beast.

Vanquished Creatures
  A black bear (D:5)
  2 phantoms
  A gnoll shaman (D:4)
  Jessica (D:2)
  2 iguanas
  Ijyb (D:2)
  2 orc wizards (D:3)
  3 hound skeletons (D:4)
  6 adders
  3 gnolls
  A worm (D:2)
  2 dart slugs
  3 orcs (D:3)
  6 ball pythons
  2 endoplasms (D:1)
  3 giant cockroaches
  15 goblins
  3 hobgoblins
  3 quokkas
  A bat (D:3)
  3 frilled lizards
  5 kobolds
69 creatures vanquished.

Notes
Turn   | Place    | Note
-------+----------+-------------------------------------------
     0 | D:1      | kae the Draconian Transmuter began the quest for the Orb.
     0 | D:1      | Reached XP level 1. HP: 16/16 MP: 3/3
   450 | D:1      | Reached XP level 2. HP: 19/23 MP: 3/5
  1540 | D:2      | Reached XP level 3. HP: 24/28 MP: 6/6
  1549 | D:2      | Learned a level 3 spell: Spider Form
  2170 | D:2      | Noticed Jessica
  2193 | D:2      | Reached XP level 4. HP: 35/36 MP: 7/7
  2198 | D:2      | Killed Jessica
  2199 | D:2      | Reached skill level 1 in Poison Magic
  2236 | D:2      | Noticed Ijyb
  2442 | D:2      | Found a faded altar of an unknown god.
  2585 | D:2      | Found a faded altar of an unknown god.
  3011 | D:2      | Killed Ijyb
  3297 | D:3      | Reached XP level 5. HP: 34/41 MP: 4/8
  3465 | D:3      | Noticed an orc warrior
  3466 | D:3      | Noticed Thantalas's ghost (amateur GnWn)
  3469 | D:3      | Found a transporter.
  3517 | D:3      | Found a transporter.
  4087 | D:4      | Found a hazy altar of Hepliaklqana.
  4087 | D:4      | Found a shadowy altar of Dithmenos.
  4087 | D:4      | Found a blossoming altar of Fedhas.
  4087 | D:4      | Found an ornate altar of the Wu Jian Council.
  4087 | D:4      | Found a white marble altar of Elyvilon.
  4087 | D:4      | Noticed a phantom
  4104 | D:3      | Killed a phantom
  4344 | D:3      | Reached XP level 6. HP: 38/48 MP: 8/10
  4567 | D:4      | Learned a level 4 spell: Ice Form
  4801 | D:4      | Reached skill level 1 in Stealth
  4833 | D:4      | Found a hide-covered altar of Uskayaw.
  4913 | D:4      | Found a bloodstained altar of Trog.
  5095 | D:5      | Entered Level 5 of the Dungeon
  5121 | D:5      | Found a shimmering blue altar of Sif Muna.
  5422 | D:5      | Reached skill level 1 in Ice Magic
  5538 | D:5      | Your scales start taking on a lurid green colour.
  5538 | D:5      | Reached XP level 7. HP: 47/56 MP: 7/11
  5538 | D:5      | Gained mutation: Your system is resistant to poisons.
                  | (rPois) [Green Draconian growth]
  5671 | D:5      | Slain by an ice beast

Illustrated notes

Levels and vault maps discovered:
D:1:      tarquinn_simple_flora_water_e, layout_loops_ring
D:2:      kennysheep_the_goblin_king, layout_basic,
          shapermc_ecumenical_altar_notcrosses, chequers_serial_rivers_marsh,
          uniq_jessica
D:3:      layout_basic, gammafunk_ghost_arena
D:4:      layout_basic, nicolae_uskayaw_murder_on_the_dancefloor,
          grunt_temple_overflow_open, old_standard_altar
D:5:      layout_basic, lemuel_crystal_altar, minmay_misc_feat_enclosed,
          minmay_misc_feat_cross, uniq_blork_the_orc

Skill      XL: |  1  2  3  4  5  6  7 |
---------------+----------------------+-----
Dodging        | 2 |  2.9
Poison Magic   | 1 2 |  2.4
Transmutations | 3 4 |  4.1
Fighting       | 2 |  2.8
Unarmed Combat | 4 |  4.8
Stealth        | 1 |  1.4
Ice Magic      | 1 |  1.4
Spellcasting   | 3 |  3.0

Action                   |  1- 3 |  4- 6 |  7- 9 || total
-------------------------+-------+-------+-------++-------
Melee: Unarmed           |   107 |   145 |    15 ||   267
       Kick              |    14 |     4 |       ||    18
       Headbutt          |     8 |     1 |       ||     9
       Tailslap          |     4 |     4 |     2 ||    10
 Cast: Beastly Appendage |    16 |     8 |       ||    24
       Spider Form       |       |    17 |     1 ||    18
 Abil: Breathe Noxious F |       |       |     1 ||     1
  Use: Scroll            |       |     8 |       ||     8
Armor: Skin              |    33 |    25 |     6 ||    64
Dodge: Dodged            |    51 |   101 |    21 ||   173

Table legend: (Time is in decaauts)
 A = Elapsed time spent in this place.
 B = Non-inter-level travel time spent in this place.
 C = Inter-level travel time spent in this place.
 D = Time resting spent in this place.
 E = Time spent auto-exploring this place.
 F = Levels seen in this place.
 G = Mean time per level.
                   A        B        C        D        E       F      G
               +--------+--------+--------+--------+--------+-----+--------+
         Total |   5657 |   5479 |    178 |    938 |   3872 |   5 | 1131.4 |
       Dungeon |   5657 |   5479 |    178 |    938 |   3872 |   5 | 1131.4 |
               +--------+--------+--------+--------+--------+-----+--------+

Top non-repeatable levels by time:
     D:2: 2003 daAuts
     D:3: 1317 daAuts
     D:1: 1103 daAuts
     D:4: 906 daAuts
     D:5: 326 daAuts
